 Dungeon Crawl Stone Soup version 0.30.1-11-g7821555f0a (webtiles) character file.

Game seed: 7480550702858757390

133 Zeor the Magician (level 5, -9/38 HPs)
             Began as a Djinni Warper on Nov 13, 2023.
             Killed by divine providence
             ... invoked by an orc priest
              (12 damage)
             ... on level 4 of the Dungeon on Nov 16, 2023.
             The game lasted 00:10:55 (2706 turns).

Zeor the Magician (Djinni Warper)                   Turns: 2706, Time: 00:10:56

Health: -9/38      AC:  4    Str: 13    XL:     5   Next: 39%
Gold:   164        EV: 12    Int: 16    God:
                   SH:  0    Dex: 13

rFire   + + +        a - +1 falchion
rCold   . . .        (no shield)
rNeg    . . .        j - +0 leather armour of the Lion {Rampage Regen+ Str+3}
rPois   ∞            (no helmet)
rElec   +            (no cloak)
rCorr   +            h - +0 pair of gloves
SInv    .            (boots unavailable)
Will    .....        (no amulet)
Stlth   +            k - ring of protection from fire
HPRegen 1.06/turn    (no ring)
MPRegen 0.00/turn

%: rampage, infuse magic (-10 HP)
@: brilliant, resistant, flying, very slightly contaminated
A: sickness immunity, fire resistance 2, cold vulnerability 1, float, innate
caster, HP casting, extra vitality 1
a: no special abilities


You were on level 4 of the Dungeon.
You visited 1 branch of the dungeon, and saw 4 of its levels.

You collected 164 gold pieces.

Inventory:

Hand Weapons
 a - a +1 falchion (weapon)
Missiles
 d - 4 boomerangs of dispersal (quivered)
Armour
 b - a +1 ring mail of willpower
 h - a +0 pair of gloves (worn)
 j - the +0 leather armour of the Lion (worn) {Rampage Regen+ Str+3}
   (You found it on level 2 of the Dungeon)

   Str:       It affects your strength (+3).
   Regen:     It increases your rate of health regeneration.
   Rampage:   It bestows one free step when moving towards enemies.
Jewellery
 k - a ring of protection from fire (left hand)
Scrolls
 c - a scroll of blinking
 e - a scroll of vulnerability
Potions
 f - 2 potions of mutation


   Skills:
 + Level 2.2 Fighting
 * Level 3.0 Long Blades
 + Level 0.7 Throwing
 * Level 2.4 Armour
 + Level 2.4 Dodging
 + Level 0.2 Stealth
 * Level 3.1 Spellcasting


You knew the following spells:

 Your Spells              Type           Power      Damage    Failure   Level
b - Blink                 Tloc           36%        N/A       10%         2
c - Vhi's Electric Charg  Tloc/Air       36%        N/A       19%         3
f - Freeze                Ice            72%        1d8       6%          1
l - Lesser Beckoning      Tloc           36%        N/A       10%         2
m - Manifold Assault      Tloc           18%        N/A       54%         4
o - Teleport Other        Tloc           18%        N/A       19%         3
w - Wereblood             Tmut           18%        N/A       10%         2
Your spell library was empty.

Dungeon Overview and Level Annotations

Branches:
Dungeon (4/15)
 Temple: D:4-7

Altars:


Innate Abilities, Weirdness & Mutations

You are immune to sickness and miasma.
You are immune to poison.
Your flesh is very heat resistant. (rF++)
You are vulnerable to cold. (rC-)
You float through the air rather than walking.
You learn spells naturally, not from books.
Your magical power is your life essence.
You have superior vitality. (+4 MHP)


Message History

You feel better.
The orc priest casts a cantrip, but nothing happens.
The orc hits you with a +0 short sword. The orc closely misses you.
You feel protected. The orc hits you with a +0 mace.
The orc completely misses you.
The orc priest hits you with a +0 falchion.
* * * LOW HITPOINT WARNING * * *
Casting: Manifold Assault (extremely dangerous; 54% risk of failure)
Confirm with . or Enter, or press ? or * to list all spells.
The spell is extremely dangerous to miscast (54% risk of failure)!
Continue anyway?
Okay, then.
You hit the orc priest.
The orc priest is heavily wounded.
The orc misses you.
The orc priest calls upon Beogh to heal the orc.
The orc is healed somewhat.
The orc barely misses you.
You hit the orc priest.
The orc priest is severely wounded.
The orc misses you. x2
The orc priest hits you with a +0 falchion.
You hit the orc priest but do no damage.
The orc priest is severely wounded.
The orc hits you but does no damage. The orc priest barely misses you.
The orc hits you with a +0 mace.
You hit the orc priest but do no damage.
The orc priest is severely wounded.
The orc closely misses you. The orc priest barely misses you.
The orc hits you with a +0 mace.
* * * LOW HITPOINT WARNING * * *
You hit the orc priest but do no damage.
The orc priest is severely wounded.
The orc hits you with a +0 short sword.
* * * LOW HITPOINT WARNING * * *
The orc priest closely misses you. The orc hits you with a +0 mace.
* * * LOW HITPOINT WARNING * * *
The orc hits you with a +0 mace.
* * * LOW HITPOINT WARNING * * *
The orc priest mumbles some strange prayers to Beogh against you.
Beogh smites you!
You die...

▒■▒▒▒▒▒■▒
▒∙∙∙∙∙∙∙▒▒▒▒▒▒
▒∙∙∙∙∙∙∙▒▒∙∙∙▒
■∙∙∙∙∙∙∙∙'∙<∙▒
▒∙∙∙▒▒∙∙▒▒∙∙∙▒
∙▒▒∙∙∙▒▒∙∙▒▒∙<∙■
∙∙∙∙∙∙oR∙∙▒∙∙∙∙▒
∙∙∙∙∙∙oo∙∙▒∙∙∙∙▒
▒▒▒▒▒▒▒▒▒▒▒▒▒▒▒▒


You could see an orc priest and 2 orcs.

Vanquished Creatures
  Natasha (D:3)
  An orc wizard (D:3)
  2 adders
  A worm (D:2)
  3 dart slugs (D:3)
  8 orcs (D:3)
  4 ball pythons
  7 endoplasms
  A giant cockroach (D:3)
  7 goblins
  3 quokkas
  A bat (D:1)
  A frilled lizard (D:3)
  2 kobolds
  7 rats
49 creatures vanquished.

Notes
Turn   | Place    | Note
-------+----------+-------------------------------------------
     0 | D:1      | Zeor the Djinni Warper began the quest for the Orb.
     0 | D:1      | Zeor set off with the following spells memorised: Blink,
                  | Lesser Beckoning, Vhi's Electric Charge, Teleport Other,
                  | Manifold Assault.
     0 | D:1      | Reached XP level 1. HP: 18/18 MP: 0/0
   146 | D:1      | Reached XP level 2. HP: 23/23 MP: 0/0
  1146 | D:2      | Found a faded altar of an unknown god.
  1163 | D:2      | Reached XP level 3. HP: 27/28 MP: 0/0
  1163 | D:2      | Learned a level 1 spell: Freeze
  1394 | D:2      | Identified the +0 leather armour of the Lion {Rampage
                  | Regen+ Str+3}
  1650 | D:3      | Reached XP level 4. HP: 33/33 MP: 0/0
  1956 | D:3      | Reached XP level 5. HP: 31/38 MP: 0/0
  1956 | D:3      | Learned a level 2 spell: Wereblood
  2089 | D:3      | Noticed Natasha
  2098 | D:3      | Killed Natasha
  2706 | D:4      | Killed from afar by an orc priest

Illustrated notes

Levels and vault maps discovered:
D:1:      psy_arrival_wood_between_worlds, layout_loops_ring,
          minmay_pentomino_u2
D:2:      layout_loops_ring, shapermc_ecumenical_altar_notcrosses
D:3:      layout_loops_corners, nicolae_sif_muna_little_library,
          kennysheep_another_room, uniq_natasha
D:4:      layout_gridville, amcnicky_altar_gilded, zin_academy,
          gammafunk_temple_overflow_statue, minmay_door_square,
          kennysheep_small_square, uniq_eustachio

Skill      XL: |  1  2  3  4  5 |
---------------+----------------+-----
Long Blades    | 2 3 |  3.0
Spellcasting   | 3 |  3.1
Armour         | 2 |  2.4
Fighting       | |  2.2
Throwing       | |  0.7
Dodging        | |  2.4
Stealth        | |  0.2

Action                     |  1- 3 |  4- 6 || total
---------------------------+-------+-------++-------
  Melee: Falchion          |    81 |    74 ||   155
         Punch             |     1 |       ||     1
  Throw: Boomerang         |     3 |       ||     3
   Cast: Blink             |     3 |     2 ||     5
         Vhi's Electric Ch |     1 |     2 ||     3
         Wereblood         |       |     2 ||     2
         Manifold Assault  |       |     2 ||     2
    Use: Scroll            |    11 |     2 ||    13
         Potion            |     1 |     5 ||     6
   Stab: Sleeping          |     1 |     3 ||     4
 Armour: Leather armour    |    18 |    19 ||    37
  Dodge: Dodged            |    49 |    57 ||   106
